 Dungeon Crawl Stone Soup version 0.31-a0-949-g57150269e1 (webtiles) character file.

Game seed: 621717313687857468

11576 miscthings the Mimic (level 11, -1/102 HPs)
             Began as a Troll Shapeshifter on Oct 22, 2023.
             Was an Elder of Makhleb.
             Slain by a centaur warrior
             ... wielding a +2 short sword of freezing
              (4 damage)
             ... on level 9 of the Dungeon.
             The game lasted 00:18:24 (8848 turns).

miscthings the Mimic (Troll Shapeshifter)           Turns: 8848, Time: 00:18:25

Health: -1/102     AC: 16    Str: 26    XL:     11   Next: 51%
Magic:  9/9        EV: 11    Int:  6    God:    Makhleb [****..]
Gold:   1083       SH:  0    Dex: 11    Spells: 10/10 levels left

rFire   . .          .
                       - Unarmed
rCold   . . .        (shield currently unavailable)
rNeg    . . .        E - +0 acid dragon scales
rPois   +            B - +2 hat
rElec   .            n - +0 cloak
rCorr   +            (gloves unavailable)
SInv    .            (boots unavailable)
Will    +....        (no amulet)
Stlth   +            k - +4 ring of protection
HPRegen 1.17/turn    l - ring of poison resistance
MPRegen 0.11/turn

%: no passive effects
@: flux-form, enlightened, glowing
A: glow, contaminating, large, unfitting armour, claws 3, regeneration 1, shaggy
fur 1, tough skin 1, low MP 1, mutation resistance 1, subdued magic 1
a: Begin Untransformation, Renounce Religion, Minor Destruction, Lesser Servant
of Makhleb, Major Destruction


You were on level 9 of the Dungeon.
You worshipped Makhleb.
Makhleb was greatly pleased with you.
You were something dangerously unstable.
You visited 2 branches of the dungeon, and saw 10 of its levels.
You also visited: Sewer, Ossuary and Bailey.

You collected 1083 gold pieces.

Inventory:

Missiles
 A - 2 curare-tipped darts
 G - 3 throwing nets
Armour
 n - a +0 cloak (worn)
 t - a +2 robe of fire resistance
 u - a +2 robe of positive energy
 B - a +2 hat (worn)
 E - +0 acid dragon scales (worn)
Jewellery
 g - a ring of protection from fire
 k - a +4 ring of protection (left claw)
 l - a ring of poison resistance (right claw)
 D - a +4 ring of protection
 J - a ring of ice
Talismans
 c - a beast talisman
 d - a flux talisman (active)
 v - a blade talisman
 x - a maw talisman
Wands
 a - a wand of quicksilver (3)
 r - a wand of flame (37)
 I - a wand of paralysis (4)
Scrolls
 h - a scroll of enchant weapon
 i - 2 scrolls of vulnerability
 o - a scroll of fear
 p - 2 scrolls of immolation
 y - 2 scrolls of butterflies
 C - 2 scrolls of teleportation
Potions
 b - 3 potions of lignification
 e - 2 potions of haste
 f - 4 potions of curing
 j - 3 potions of attraction
 m - 2 potions of might
 q - 6 potions of enlightenment
 s - 2 potions of invisibility
 w - a potion of magic
 z - 2 potions of mutation
Miscellaneous
 F - a lightning rod (2/4)


   Skills:
 + Level 5.0 Fighting
 + Level 4.9 Armour
 + Level 5.1 Dodging
 + Level 6.5 Unarmed Combat
 + Level 1.2 Invocations
 * Level 6.3 Evocations
 * Level 10.8 Shapeshifting


You had 10 spell levels left.
You didn't know any spells.
Your spell library contained the following spells:

 Spells                   Type           Power      Damage    Failure   Level
 Dazzling Flash           Conj/Hex       0%         N/A       85%         3
 Volatile Blastmotes      Fire/Tloc      0%         2d10      85%         3
 Starburst                Conj/Fire      0%         6d3       100%        6
 Maxwell's Capacitive Co  Air            0%         ∞         100%        8


Dungeon Overview and Level Annotations

Branches:
Dungeon (9/15)             Temple (1/1) D:6            Lair (0/5) D:8
  Sewer (visited)         Ossuary (visited)          Bailey (visited)
    Orc: D:9-12

Altars:
Ashenzari
Cheibriados
Dithmenos
Elyvilon
Fedhas
Gozag
Hepliaklqana
Kikubaaqudgha
Makhleb
Nemelex Xobeh
Okawaru
Qazlal
Ru
Sif Muna
Trog
Uskayaw
Vehumet
Wu Jian
Xom
Yredelemnul
Zin
The Shining One


Innate Abilities, Weirdness & Mutations

You are something dangerously unstable.
You glow with magical radiation, making you easy to see and hit.
Foes you strike become dangerously contaminated with magical radiation.
You are incapable of wielding weapons or throwing items.
You are too large for most types of armour.
You have claws for hands.
Your natural rate of healing is unusually fast.
You are covered in fur. (AC +1)
You have tough skin. (AC +1)
Your magical capacity is low. (-10% MP)
You are somewhat resistant to further mutation.
Your spells are a little easier to cast, but a little less powerful.


Message History

The centaur warrior barely misses you.
The centaur hits you but does no damage.
The centaur kicks you but does no damage.
The grasping roots constrict you.
You escape the roots grasp.
The centaur warrior unwields a +2 short sword of freezing.
The centaur warrior wields a +0 shortbow.
The centaur warrior shoots an arrow.
The arrow hits you.
The centaur wields a +0 orcbow.
The centaur shoots an arrow.
The arrow misses you.
Aiming: Thunderbolt
Press: ? - help, Shift-Dir - straight line, f/p - centaur
Aim: a centaur, wielding a +0 orcbow, wearing a ring of poison resistance and carrying a wand of roots The thunderbolt hits the centaur!!
The centaur is almost dead.
The centaur warrior shoots an arrow.
The arrow hits you.
* * * LOW HITPOINT WARNING * * *
The centaur zaps a wand.
The roots erupt in riotous growth!
The grasping roots grab you! The grasping roots constrict you.
* * * LOW HITPOINT WARNING * * *
The centaur warrior shoots an arrow.
The arrow hits you!
* * * LOW HITPOINT WARNING * * *
The centaur shoots an arrow.
The arrow completely misses you. The grasping roots constrict you.
Aiming: Thunderbolt
Press: ? - help, Shift-Dir - straight line, p - centaur The thunderbolt hits the centaur warrior!!
The centaur warrior is heavily wounded.
The thunderbolt hits the centaur!!
You kill the centaur!
Makhleb accepts your kill.
You feel better.
The centaur warrior shoots an arrow.
The arrow hits you!!
* * * LOW HITPOINT WARNING * * *
You float gracefully downwards.
The centaur warrior unwields a +0 shortbow.
The centaur warrior wields a +2 short sword of freezing.
It glows with a cold blue light!
The centaur warrior hits you with a +2 short sword of freezing.
You die...

........#..[≈≈≈§§§≈≈§≈≈§.###..#
........#..≈≈≈######≈≈§≈......#
^.......#.§≈≈##....##8§≈≈§....#
........#.≈≈##......##§§≈≈....#
..##....##≈§#..####..#8.≈≈≈...#
..##....##§§#..#. #..'..>§≈...#
...#......≈§#..'. #..'..<≈≈...#
...#.....§§≈#..####..#8.≈≈§...#
...#......§≈##.cp...##.≈≈§....#
...#.<...§§§§##)...##8§§≈<....#
'###.....##≈≈≈######≈§≈§......#
..##.....# #≈≈≈≈≈§§§≈§≈.##....#
..#......# #≈≈≈≈§§§§...##....#
..#......# ####.§####..##....#
#.#......# #.....#..##....#
#.#......# #.....#..##....#
#.###############....#........#


You could see a centaur warrior.

Vanquished Creatures
  A boulder beetle (D:6)
  A skeletal warrior (D:6)
  Pikel (D:3)
  Maggie (D:6)
  A hornet (D:7)
  Prince Ribbit (D:6)
  A wraith (D:9)
  Sigmund (D:6)
  13 yaks
  3 wyverns
  2 basilisks (D:8)
  The ghost of Runia the Chiller, an amateur MfIE (D:3)
  6 water moccasins
  Duvessa (D:4)
  3 black bears
  2 sky beasts
  11 orc warriors
  3 ice beasts
  6 centaurs
  4 ogres
  5 phantoms
  4 bullfrogs
  5 kobold brigands
  A gnoll sergeant (D:9)
  5 scorpions
  Dowan (D:4)
  8 wights (D:8)
  An oklob sapling (D:6)
  3 howler monkeys
  2 vampire bats (D:5)
  2 hounds (D:6)
  2 jellies (D:6)
  4 orc priests
  A gnoll bouda (D:5)
  3 sleepcaps
  Ijyb (D:4)
  3 iguanas
  5 orc wizards
  A mummy (Ossuary)
  11 adders
  14 gnolls
  4 river rats (Sewer)
  4 white imps
  4 ufetubi
  2 worms
  A dart slug (D:4)
  23 orcs
  4 spectral bats (Ossuary)
  5 bats
  A bat simulacrum (Ossuary)
  3 bat skeletons (D:5)
  4 bat zombies (D:5)
  9 endoplasms
  7 giant cockroaches
  14 goblins
  10 hobgoblins
  5 jackals
  20 kobolds
  3 quokkas
  11 ball pythons
  3 frilled lizards
  12 gnoll zombies (Ossuary)
  A goblin simulacrum (Ossuary)
  5 goblin zombies (Ossuary)
  5 hobgoblin zombies (Ossuary)
  3 kobold simulacra (Ossuary)
  A kobold zombie (Ossuary)
  3 orc zombies (Ossuary)
  10 rats
  4 rat simulacra (Ossuary)
  4 spectral goblins (Ossuary)
  6 spectral kobolds (Ossuary)
  3 spectral rats (Ossuary)
339 creatures vanquished.

Notes
Turn   | Place    | Note
-------+----------+-------------------------------------------
     0 | D:1      | miscthings the Troll Shapeshifter began the quest for the
                  | Orb.
     0 | D:1      | Reached XP level 1. HP: 18/18 MP: 0/0
   269 | D:1      | Reached XP level 2. HP: 26/26 MP: 1/1
   534 | D:1      | Reached skill level 4 in Shapeshifting
   719 | D:2      | Reached XP level 3. HP: 31/32 MP: 2/2
  1136 | D:2      | Reached XP level 4. HP: 39/40 MP: 3/3
  1148 | D:2      | Reached skill level 5 in Shapeshifting
  1705 | D:3      | Found a glowing golden altar of the Shining One.
  1892 | D:3      | Noticed Runia's ghost (amateur MfIE)
  1894 | D:3      | Found a runed translucent gate.
  1894 | D:3      | Found a runed translucent gate.
  1894 | D:3      | Found a runed translucent gate.
  2095 | D:4      | Noticed Pikel
  2095 | D:4      | Noticed a lemure
  2095 | D:4      | Noticed a lemure
  2109 | D:4      | Noticed a lemure
  2117 | D:3      | Killed Pikel
  2118 | D:3      | Reached skill level 7 in Shapeshifting
  2118 | D:3      | Reached XP level 5. HP: 27/46 MP: 4/4
  2118 | D:3      | Reached XP level 6. HP: 32/54 MP: 5/5
  2118 | D:3      | Reached XP level 7. HP: 37/61 MP: 6/6
  2282 | D:4      | Noticed Ijyb
  2290 | D:4      | Killed Ijyb
  2339 | D:4      | Reached skill level 1 in Fighting
  2633 | D:4      | Noticed Dowan
  2635 | D:4      | Noticed Duvessa
  2653 | D:4      | Killed Duvessa
  2654 | D:4      | Reached skill level 1 in Evocations
  2663 | D:4      | Killed Dowan
  2915 | D:4      | Reached skill level 1 in Armour
  3052 | D:3      | Killed Runia's ghost
  3053 | D:3      | Reached XP level 8. HP: 56/70 MP: 7/7
  3099 | D:5      | Entered Level 5 of the Dungeon
  3105 | D:5      | Reached skill level 8 in Shapeshifting
  3131 | D:5      | Found a glowing drain.
  3135 | Sewer    | Entered a sewer
  4319 | D:5      | Found an ancient bone altar of Kikubaaqudgha.
  4409 | D:5      | Found a bloodstained altar of Trog.
  4776 | D:6      | Noticed Maggie
  4789 | D:6      | Killed Maggie
  4790 | D:6      | Reached XP level 9. HP: 61/80 MP: 8/8
  4871 | D:6      | Found a shadowy altar of Dithmenos.
  4901 | D:6      | Found a stormy altar of Qazlal.
  4949 | D:6      | Noticed Prince Ribbit
  4965 | D:6      | Killed Prince Ribbit
  4980 | D:6      | Noticed Sigmund
  4993 | D:6      | Killed Sigmund
  5030 | D:6      | Gained mutation: Your spells are a little easier to cast,
                  | but a little less powerful. [potion of mutation]
  5030 | D:6      | Gained mutation: Your magical capacity is low. (-10% MP)
                  | [potion of mutation]
  5030 | D:6      | Gained mutation: You are somewhat resistant to further
                  | mutation. [potion of mutation]
  5059 | D:6      | Reached skill level 9 in Shapeshifting
  5059 | D:6      | Found a staircase to the Ecumenical Temple.
  5080 | Temple   | Entered the Ecumenical Temple
  5095 | Temple   | Became a worshipper of Makhleb the Destroyer
  5614 | D:6      | Reached skill level 5 in Unarmed Combat
  5700 | D:6      | Reached * piety under Makhleb
  5704 | D:6      | Reached XP level 10. HP: 91/91 MP: 8/8
  5711 | D:6      | Noticed a boulder beetle
  5712 | D:6      | Noticed a skeletal warrior
  5722 | D:6      | Killed a boulder beetle
  5852 | D:7      | Found a sand-covered staircase.
  5857 | Ossuary  | Entered an ossuary
  6036 | Ossuary  | Reached ** piety under Makhleb
  6244 | D:7      | Found a flagged portal.
  6256 | D:7      | Reached skill level 5 in Evocations
  6269 | Bailey   | Entered a bailey
  6376 | Bailey   | Identified the +0 flail of Agony {vamp, *Slow rF++ Will++}
  6379 | Bailey   | Reached *** piety under Makhleb
  6461 | Bailey   | Reached skill level 10 in Shapeshifting
  7153 | D:6      | Killed a skeletal warrior
  7304 | D:8      | Reached XP level 11. HP: 76/98 MP: 8/8
  7443 | D:8      | Found a staircase to the Lair.
  7495 | D:8      | Reached **** piety under Makhleb
  7602 | D:8      | Found an iron altar of Okawaru.
  7802 | D:9      | Found an opulent altar of Gozag.
  7803 | D:9      | Identified the +0 hand axe "Gerhur" {vamp, Int+3}
  7993 | D:9      | Reached skill level 5 in Dodging
  8016 | D:9      | Found a white marble altar of Elyvilon.
  8075 | D:9      | Identified the +8 rapier of Conformity {heavy, rN+ Will+
                  | Dex+3 Stlth+}
  8306 | D:9      | Reached skill level 5 in Fighting
  8306 | D:9      | Reached skill level 1 in Invocations
  8327 | D:9      | Identified the +0 helmet of Xoiduax {rC++ Str-4 Dex+8
                  | Stlth+}
  8356 | D:9      | Noticed a centaur warrior
  8774 | D:9      | Identified the ring "Zoc Otame" {Wiz rPois Str+4 Dex+3}
  8847 | D:9      | HP: 2/102 [centaur warrior/arrow (22)]
  8848 | D:9      | Slain by a centaur warrior

Illustrated notes

Levels and vault maps discovered:
D:1:      onia_arrival_pyramid, layout_loops_cross, grunt_decor_fettered,
          minmay_misc_feat_x
D:2:      cheibrodos_helix_gallery, layout_basic, kennysheep_generic_room_9
D:3:      layout_loops_cross, mainiacjoe_overflow_paths, gammafunk_ghost_split
D:4:      layout_gridville, uniq_pikel, uniq_ijyb, uniq_duvessa
D:5:      layout_layer_cave, kennysheep_vampire_church,
          mainiacjoe_overflow_alcove_4, gup_sewer_entry_bowl
D:6:      kennysheep_windowed_halls, layout_loops_ring,
          mainiacjoe_overflow_catwalk, mainiacjoe_overflow_chevrons,
          minmay_temple_entry_oklob, grunt_ministairs_9, uniq_maggie,
          uniq_sigmund, uniq_prince_ribbit1
D:7:      layout_cave_pools, enter_ossuary_5, enter_bailey_3, nicolae_titane
D:8:      layout_basic, lemuel_tele_altar, minmay_lair_entry_grove, minmay_holes
D:9:      layout_stronghold, general_overflow_altar,
          mainiacjoe_overflow_alcove_1, kennysheep_island_fort
Temple:   nicolae_temple_bog_church

Skill      XL: |  1  2  3  4  5  6  7  8  9 10 11 |
---------------+----------------------------------+-----
Shapeshifting  | 4 7 8 9 10 | 10.8
Fighting       | 1 2 3 4 5 |  5.0
Evocations     | 1 3 4 5 6 |  6.3
Dodging        | 2 3 4 5 |  5.1
Armour         | 1 2 3 4 |  4.9
Unarmed Combat | 4 5 6 |  6.5
Invocations    | 1 |  1.2

Action                     |  1- 3 |  4- 6 |  7- 9 | 10-12 || total
---------------------------+-------+-------+-------+-------++-------
  Melee: Unarmed           |    81 |    42 |   423 |   564 ||  1110
         Punch             |     1 |       |       |       ||     1
  Evoke: Wand              |       |       |    11 |     6 ||    17
         Lightning rod     |       |       |       |     2 ||     2
    Use: Scroll            |       |       |    14 |     8 ||    22
         Potion            |       |       |     2 |     2 ||     4
   Stab: Sleeping          |     1 |     1 |       |       ||     2
         Distracted        |       |       |     1 |       ||     1
 Armour: Animal skin       |    57 |    27 |       |       ||    84
         Robe              |       |       |   224 |       ||   224
         Acid dragon scale |       |       |   128 |   497 ||   625
  Dodge: Dodged            |    52 |    13 |   246 |   349 ||   660
   Form: Flux              |       |       |     1 |     1 ||     2
         Maw               |       |       |       |     1 ||     1

Table legend: (Time is in decaauts)
 A = Elapsed time spent in this place.
 B = Non-inter-level travel time spent in this place.
 C = Inter-level travel time spent in this place.
 D = Time resting spent in this place.
 E = Time spent auto-exploring this place.
 F = Levels seen in this place.
 G = Mean time per level.
                   A        B        C        D        E       F      G
               +--------+--------+--------+--------+--------+-----+--------+
         Total |   8761 |   8400 |    361 |     83 |   5822 |  13 |  673.9 |
       Dungeon |   7614 |   7281 |    333 |     83 |   5264 |   9 |  846.0 |
        Temple |     30 |      3 |     27 |      0 |      0 |   1 |   30.0 |
         Sewer |    524 |    524 |      0 |      0 |    341 |   1 |  524.0 |
       Ossuary |    296 |    296 |      0 |      0 |    124 |   1 |  296.0 |
        Bailey |    294 |    294 |      0 |      0 |     93 |   1 |  294.0 |
               +--------+--------+--------+--------+--------+-----+--------+

Top non-repeatable levels by time:
     D:6: 1203 daAuts
     D:5: 1128 daAuts
     D:9: 1037 daAuts
     D:4: 912 daAuts
     D:2: 874 daAuts
     D:3: 665 daAuts
     D:1: 634 daAuts
     D:7: 612 daAuts
     D:8: 545 daAuts
   Sewer: 524 daAuts
 Ossuary: 296 daAuts
  Bailey: 294 daAuts
  Temple: 30 daAuts
